 Dungeon Crawl Stone Soup version 0.21-a0-125-gb006224 (webtiles) character file.

155 Gorglomux the Chopper (level 5, 0/49 HPs)
             Began as a Hill Orc Chaos Knight on July 15, 2017.
             Was an Initiate of Okawaru.
             Succumbed to an adder's poison
             ... on level 4 of the Dungeon.
             The game lasted 00:05:42 (2816 turns).

Gorglomux the Chopper (Hill Orc Chaos Knight)       Turns: 2816, Time: 00:05:43

Health: 0/49       AC: 11    Str: 16    XL:     5   Next: 37%
Magic:  5/5        EV:  4    Int: 12    God:    Okawaru [......]
Gold:   33         SH:  0    Dex: 10    Spells: 4/4 levels left

rFire    . . .     SeeInvis .   u - +0 hand axe
rCold    . . .     Gourm    .   (no shield)
rNeg     . . .     Faith    .   q - +0 plate armour
rPois    .         Spirit   .   (no helmet)
rElec    .         Reflect  .   (no cloak)
rCorr    .         Harm     .   U - +0 pair of gloves
MR       +....                  (no boots)
Stlth    ..........             (no amulet)
HPRegen  0.16/turn              m - ring of protection from magic
MPRegen  0.09/turn              (no ring)

@: lethally poisoned (0 -> -1), drained
A: no striking features
a: Renounce Religion


You were on level 4 of the Dungeon.
You worshipped Okawaru.
Okawaru was noncommittal.
You were not hungry.

You visited 2 branches of the dungeon, and saw 7 of its levels.

You collected 138 gold pieces.
You spent 105 gold pieces at shops.

Inventory:

Hand Weapons
 a - a +0 hand axe of chaos
 u - a +0 hand axe (weapon)
Armour
 q - a +0 plate armour (worn)
 U - a +0 pair of gloves (worn)
Jewellery
 m - a ring of protection from magic (left hand)
Scrolls
 d - 2 scrolls of magic mapping
 h - 2 scrolls of remove curse
 o - a scroll of enchant armour
 R - 5 scrolls of identify
 T - 2 scrolls of teleportation
Comestibles
 c - 2 bread rations
 j - a royal jelly
 r - 2 fruits
 V - a chunk of flesh


   Skills:
 + Level 5.6(4.9) Fighting
 + Level 6.1(5.5) Axes
 - Level 2.1(1.6) Armour
 - Level 0.7(0.1) Dodging


You had 4 spell levels left.
You didn't know any spells.

Dungeon Overview and Level Annotations

Branches:
Dungeon (6/15)             Temple (1/1) D:6

Altars:
Cheibriados
Gozag
Hepliaklqana
Makhleb
Okawaru
Qazlal
Ru
Sif Muna
Vehumet
Wu Jian
Xom
Yredelemnul

Shops:
D:4 *[   D:6 ?

Annotations:
D:6 Edmund, Sigmund


Message History

Found Orghy's Antique Armour Emporium.
* * * LOW HITPOINT WARNING * * *
You feel sick.
Unknown command.
* * * LOW HITPOINT WARNING * * *
You feel sick.
There is an entrance to Orghy's Antique Armour Emporium here.
You aren't carrying or standing over any spellbooks.
You aren't carrying any potions.
Unknown command.
Okay, then.
As you read the scroll of teleportation, it crumbles to dust.
You feel strangely unstable.
Your surroundings suddenly seem different.
* * * LOW HITPOINT WARNING * * *
You feel sick.
Found a scroll labeled KYBOOH ILYDAKI.
Found Mutac's General Store.
Found a stone staircase leading down.
You die...

#####+###
#.......# ###
#.......#>...
#.........#
#....@..?.#
#.........#
#............
#.........###
#.........#
#......∩....
####.........
#..###.##.


There were no monsters in sight!

Vanquished Creatures
  A bullfrog (D:5)
  5 adders
  2 leopard geckos
  An orc (D:5)
  A ball python (D:2)
  A giant cockroach (D:1)
  3 goblins (D:1)
  2 hobgoblins (D:1)
  5 jackals (D:6)
  2 quokkas
  A bat (D:1)
  3 frilled lizards
  9 kobolds
  8 rats
44 creatures vanquished.

Notes
Turn   | Place    | Note
-------+----------+-------------------------------------------
     0 | D:1      | Gorglomux the Hill Orc Chaos Knight began the quest for the Orb.
     0 | D:1      | Reached XP level 1. HP: 19/19 MP: 1/1
    48 | D:1      | XOM: silly message
   174 | D:1      | Reached XP level 2. HP: 23/27 MP: 2/2
   243 | D:1      | XOM: harmless Air miscast
   297 | D:1      | XOM: harmless Tloc miscast
   661 | D:2      | Reached skill level 5 in Axes
   661 | D:2      | Reached XP level 3. HP: 33/33 MP: 3/3
   676 | D:2      | Found a shimmering altar of Xom.
   861 | D:2      | XOM: mild Fire miscast
   935 | D:2      | Reached XP level 4. HP: 38/41 MP: 4/4
  1072 | D:2      | XOM: chaos upgrade
  1076 | D:2      | XOM: butterfly on damage
  1080 | D:2      | XOM: confusion (+ monsters)
  1091 | D:2      | Paralysed by a kobold for 7 turns
  1217 | D:2      | XOM: summons 4 hostile shadow creatures
  1367 | D:2      | XOM: harmless Necr miscast
  1451 | D:2      | Found an ornate altar of the Wu Jian Council.
  1612 | D:2      | XOM: mild Fire miscast
  1659 | D:2      | XOM: harmless Fire miscast
  1835 | D:3      | You fall through a shaft for 3 floors!
  1841 | D:6      | Found a staircase to the Ecumenical Temple.
  1857 | D:6      | Found Plog's Magic Scroll Shoppe.
  1876 | D:6      | XOM: mild Pois miscast
  1892 | Temple   | Entered the Ecumenical Temple
  2047 | Temple   | XOM: scenery: 1 doors close
  2064 | Temple   | Fell from the grace of Xom
  2064 | Temple   | Became a worshipper of Warmaster Okawaru
  2101 | D:6      | Bought a scroll of remove curse for 30 gold pieces
  2101 | D:6      | Bought a scroll of magic mapping for 35 gold pieces
  2101 | D:6      | Bought a scroll of identify for 20 gold pieces
  2101 | D:6      | Bought a scroll of identify for 20 gold pieces
  2122 | D:6      | Noticed an orc warrior
  2158 | D:6      | Noticed Sigmund
  2165 | D:6      | Noticed Edmund
  2177 | D:5      | Entered Level 5 of the Dungeon
  2455 | D:5      | Noticed a bullfrog
  2471 | D:5      | Killed a bullfrog
  2471 | D:5      | Reached skill level 6 in Axes
  2471 | D:5      | Reached XP level 5. HP: 17/48 MP: 5/5
  2693 | D:5      | Noticed an ogre
  2738 | D:4      | XOM: god gift: scroll of amnesia {god gift}
  2798 | D:4      | HP: 2/49 [poisoned by an adder]
  2802 | D:4      | Found Orghy's Antique Armour Emporium.
  2804 | D:4      | HP: 1/49 [poisoned by an adder]
  2812 | D:4      | HP: 1/49 [poisoned by an adder]
  2814 | D:4      | Found Mutac's General Store.
  2816 | D:4      | Succumbed to an adder's poison

Vault maps used:
D:1:      minmay_arrival_semitransparent
D:2:      nicolae_overflow_hidden_temple, overflow_temple_1_default, first_bread
D:3:      nemelex_xobeh_ov_fountains_minmay, goddamned_bats
D:4:      fedhas_altar_1, serial_shops, shop, shop, nicolae_shop_statue_plus,
          kennysheep_dice, uniq_duvessa, uniq_natasha
D:5:      st_stairs_10, nemelex_lonely_heart_becter
D:6:      lemuel_crystal_altar, lemuel_zombie_altar_kikubaaqudgha,
          lemuel_temple_firewalk_a, serial_shops, shop, uniq_edmund,
          uniq_sigmund
Temple:   minmay_temple_curvy_branch

Skill      XL: |  1  2  3  4 |
---------------+-------------+-----
Fighting       | 4 5 |  5.6
Axes           | 5 6 |  6.1
Armour         | |  2.1
Dodging        | |  0.7

Action                   |  1- 3 |  4- 6 || total
-------------------------+-------+-------++-------
Melee: Hand axe          |    90 |   110 ||   200
  Use: Scroll            |       |     4 ||     4
       Potion            |       |     3 ||     3
 Stab: Paralysed         |     1 |       ||     1
       Sleeping          |     1 |       ||     1
  Eat: Chunk             |       |     6 ||     6
Armor: Leather armour    |    34 |       ||    34
       Plate armour      |       |   101 ||   101
Dodge: Dodged            |    55 |    31 ||    86
